 Dungeon Crawl Stone Soup version 0.15-a0-2075-ga361405 (webtiles) character file.

25 N00bl0rd the Grave Robber (level 2, -9/15 HPs)
             Began as a Deep Elf Necromancer on July 14, 2014.
             Killed from afar by Sigmund (11 damage)
             ... with a puff of flame
             ... on Level 2 of the Dungeon.
             The game lasted 00:02:54 (795 turns).

N00bl0rd the Grave Robber (Deep Elf Necromancer)     Turns: 795, Time: 00:02:54

HP  -9/15        AC  2     Str  5      XL: 2   Next: 86%
MP   9/9         EV 13     Int 19      God:
Gold 71          SH  0     Dex 15      Spells:  2 memorised,  7 levels left

rFire  . . .     SeeInvis .     (no weapon)
rCold  . . .     Clarity  .     a - +0 robe
rNeg   . . .     rCorr    .     (no shield)
rPois  .         rRot     .     (no helmet)
rElec  .         Spirit   .     (no cloak)
SustAb .         Warding  .     (no gloves)
rMut   .         Stasis   .     (no boots)
Gourm  .                        p - amulet of faith
MR     .....                    (no ring)
                                (no ring)

@: not resistant to hostile enchantments, unstealthy
A: no striking features
a: no special abilities


You were on level 2 of the Dungeon.
You were not hungry.

You visited 1 branch of the dungeon, and saw 2 of its levels.

You collected 71 gold pieces.

Inventory:

Armour
 a - a +0 robe (worn)
Comestibles
 c - a bread ration
 f - a meat ration
 g - a chunk of rat flesh
 h - 2 chunks of hobgoblin flesh
 i - a royal jelly
 q - a rotting chunk of rat flesh
 r - a rotting chunk of goblin flesh
 s - 2 rotting chunks of jackal flesh
 t - a rotting chunk of rat flesh
Scrolls
 e - a scroll of amnesia {unknown}
 j - a scroll of magic mapping {unknown}
 m - a scroll of noise {unknown}
 n - a scroll of remove curse {unknown}
 o - 2 scrolls of identify {unknown}
Jewellery
 k - an uncursed ring of sustain abilities {unknown}
 p - an amulet of faith (around neck)
Potions
 d - a potion of invisibility {unknown}
Books
 b - a book of Necromancy

   Spells                             Type                      Level
   *Pain                              Necromancy                   1
   *Animate Skeleton                  Necromancy                   1
   Vampiric Draining                  Necromancy                   3
   Regeneration                       Charms/Necromancy            3
   Animate Dead                       Necromancy                   4
   Control Undead                     Necromancy                   4


   Skills:
 - Level 2.4 Dodging
 - Level 2.4 Stealth
 + Level 4.0 Spellcasting
 + Level 5.3 Necromancy


You had 7 spell levels left.
You knew the following spells:

 Your Spells              Type           Power        Failure   Level  Hunger
a - Pain                  Necr           ###.         1%          1    None
b - Animate Skeleton      Necr           N/A          1%          1    None


Dungeon Overview and Level Annotations

Branches:
Dungeon (2/15)

Altars:

Annotations:
D:2 Sigmund


Message History

Found a stone staircase leading up.
There is an open door here.
j - a scroll labeled BLESIS FAUT You swap places.
You open the door.
There is an open door here.
k - a small coral ring Sigmund the Dreaded comes into view.
He is wielding a glowing scythe.
Sigmund shouts!
Sigmund gestures at you while chanting. The magic dart hits you!
Ouch! That really hurt!
* * * LOW HITPOINT WARNING * * *
You swap places.
Sigmund hits something with a glowing scythe!
Sigmund screams, "Only death can liberate you!"
Sigmund points at you and mumbles some strange words.
The puff of flame hits you!
Ouch! That really hurt!
You die...

#.....................#
#......##'#'#.#######.#
#########.#.#Z#....##.#
#.#.#.#.##.##.#
#.#.#.#..#.##.#
#.#.#....#.##.#
#.#......#.##.#
##########.######.#.##.#
#............@......##.##
#.....>....######.#..@..#
#..........# #.....Z..#
#..........# ##.#.###.#
#......<...# #..... .#
#..........# ###.#.#.#
#.....)....# #.#.#.#
#..........# #.# .@
#..........# #.# #


You could see Sigmund.

Vanquished Creatures
  A giant gecko (D:1)
  A bat (D:1)
  5 goblins (D:1)
  A hobgoblin (D:2)
  2 ball pythons (D:1)
  A giant cockroach (D:1)
  5 jackals (D:1)
  4 kobolds (D:1)
  4 rats (D:1)
24 creatures vanquished.

Vanquished Creatures (collateral kills)
  A giant cockroach (D:1)
  A jackal (D:1)
  A rat (D:1)
3 creatures vanquished.

Vanquished Creatures (others)
  2 ball python skeletons (D:1)
  A giant gecko skeleton (D:1)
  A hobgoblin skeleton (D:2)
  4 jackal skeletons (D:1)
  A kobold skeleton (D:1)
  A rat skeleton (D:1)
10 creatures vanquished.

Grand Total: 37 creatures vanquished

Notes
Turn   | Place    | Note
--------------------------------------------------------------
     0 | D:1      | N00bl0rd, the Deep Elf Necromancer, began the quest for the Orb.
     0 | D:1      | Reached XP level 1. HP: 10/10 MP: 5/5
    23 | D:1      | Learned a level 1 spell: Animate Skeleton
    75 | D:1      | Reached skill level 5 in Necromancy
   175 | D:1      | Reached XP level 2. HP: 6/15 MP: 3/8
   786 | D:2      | Noticed Sigmund
   795 | D:2      | Killed from afar by Sigmund

Action                   || total
-------------------------++-------
Melee: Unarmed           ||     2
 Cast: Pain              ||    32
       Animate Skeleton  ||    14
